 Dungeon Crawl Stone Soup version 0.31-a0-1540-g5a0b83f448 (webtiles) character file.

Game seed: 1921115009519606067

1129 Persephone the Ruffian (level 8, -1/41 (42) HPs)
             Began as a Vine Stalker Fighter on Jan 1, 2024.
             Slain by an orange demon (9 damage)
             ... summoned by a gnoll
             ... on level 4 of the Dungeon.
             The game lasted 00:04:32 (3250 turns).

Persephone the Ruffian (Vine Stalker Fighter)       Turns: 3250, Time: 00:04:32

HP:   -1/41 (42)    AC:  8    Str: 21    XL:     8   Next: 35%
MP:   0/9           EV: 10    Int: 14    God:
Gold: 224           SH:  5    Dex: 14    Spells: 7/7 levels left

rFire   . .          .
                       - Unarmed
rCold   + . .        b - +0 buckler
rNeg    . . .        g - +1 ring mail {rPois}
rPois   +            (no helmet)
rElec   .            t - scarf {shadows}
rCorr   .            p - +0 pair of gloves
SInv    .            (no boots)
Will    +....        (no amulet)
Stlth   +            o - +6 ring of intelligence
HPRegen 1.06/turn    x - ring of protection from cold
MPRegen 0.11/turn

%: guardian spirit
@: weakened, lightly drained
A: fangs 3, regeneration 1, magic shield, antimagic bite, no potion heal 2
a: no special abilities


You were on level 4 of the Dungeon.
You visited 1 branch of the dungeon, and saw 4 of its levels.

You collected 224 gold pieces.

Inventory:

Armour
 a - a +0 scale mail
 b - a +0 buckler (worn)
 g - a +1 ring mail of poison resistance (worn)
 p - a +0 pair of gloves (worn)
 t - a scarf of shadows (worn)
Jewellery
 o - a +6 ring of intelligence (left hand)
 x - a ring of protection from cold (right hand)
Wands
 q - a wand of polymorph (16)
Scrolls
 f - a scroll of enchant weapon {unknown}
 h - 3 scrolls of identify {unknown}
 i - a scroll of fog {unknown}
 k - 2 scrolls of noise {unknown}
 l - a scroll of fear {unknown}
 m - 2 scrolls of enchant armour {unknown}
 n - a scroll of teleportation {unknown}
 v - a scroll of acquirement {unknown}
 w - 2 scrolls of revelation {unknown}
 y - a scroll of vulnerability {unknown}
Potions
 c - a potion of cancellation {unknown}
 e - 4 potions of curing {unknown}
 j - 2 potions of brilliance {unknown}
 r - 2 potions of haste {unknown}
 s - a potion of degeneration {unknown}
 u - a potion of attraction {unknown}
 z - a potion of enlightenment {unknown}
 A - a potion of heal wounds {unknown}


   Skills:
 + Level 4.7 Fighting
 + Level 4.3 Armour
 + Level 4.7 Shields
 * Level 6.3 Unarmed Combat


You had 7 spell levels left.
You didn't know any spells.
Your spell library contained the following spells:

 Spells                   Type           Power      Damage    Failure   Level
 Magic Dart               Conj           0%         1d3       50%         1
 Searing Ray              Conj           0%         2d4       63%         2
 Call Canine Familiar     Summ           0%         N/A       86%         3
 Fugue of the Fallen      Necr           0%         N/A       86%         3
 Ozocubu's Armour         Ice            0%         N/A       86%         3
 Sigil of Binding         Hex            0%         N/A       86%         3
 Dimensional Bullseye     Hex/Tloc       0%         N/A       99%         4
 Fulminant Prism          Conj/Alch      0%         3d5       99%         4
 Manifold Assault         Tloc           0%         N/A       99%         4


Dungeon Overview and Level Annotations

Branches:
Dungeon (4/15)
 Temple: D:4-7

Altars:


Innate Abilities, Weirdness & Mutations

You have razor-sharp teeth.
Your natural rate of healing is unusually fast.
When hurt, damage is shared between your health and your magic reserves.
Your bite disrupts and absorbs the magic of your enemies.
Potions cannot restore your health.


Message History

The gnoll is moderately wounded.
You block the gnoll's attack.
The gnoll bouda barks out a call to the hunt!
The gnolls pick up the pace!
The gnoll barely misses you.
You hear a shout! x2
You punch the gnoll! Your bite misses the gnoll.
The gnoll is almost dead.
The gnoll misses you.
You hit the gnoll.
You kill the gnoll!
A gnoll comes into view.
It is wielding the +16 obsidian axe {drain, demonic, Mesm ^Drain Fly SInv}.
The gnoll hits you but does no damage.
The gnoll bouda hits you with a +0 whip.
Items here: ))))) †.
You hit the gnoll bouda.
The gnoll bouda is moderately wounded.
Your attacks no longer feel as feeble.
The gnoll hits you from afar with a +0 spear.
The gnoll bouda hits you with a +0 whip.
You punch the gnoll bouda! Your bite misses the gnoll bouda.
The gnoll bouda is almost dead.
The gnoll hits you from afar with a +0 spear.
A gnoll sergeant comes into view. It is wielding the +5 woodcutter's axe.
The gnoll bouda gazes fiercely through you!
You feel your attacks grow feeble.
The gnoll bouda hits you with a +0 whip.
You hit the gnoll bouda.
You kill the gnoll bouda!
You block the gnoll's attack.
The gnoll hits you with the +16 obsidian axe {drain, demonic, Mesm ^Drain Fly SInv}!
You feel drained.
* * * LOW HITPOINT WARNING * * *
As you read the scroll labelled BOF ZEONOURYOK, it crumbles to dust.
Your body is wracked with pain!
* * * LOW HITPOINT WARNING * * *
The gnoll convulses! x3; The gnoll sergeant convulses!
It was a scroll of torment.
The gnoll hits you but does no damage. The gnoll completely misses you.
The orange demon stings you!
You die...

### ..# ..# ..# .
..# ..♣ ### ..)g♣♣
..# .♣....♣♣### ..#
.....gg@4.# ..#
..♣..g♣♣#.# ..##
....♣♣ #.# ...# ..♣
#.# ...# ) #.# ...#
######.# ...#
###......#
...########........#
...........#.......#


You could see an orange demon (summoned), a gnoll sergeant (swift) and 3 gnolls.

Vanquished Creatures
  Pikel (D:4)
  An ice beast (D:4)
  A lemure (D:4)
  A phantom (D:4)
  A scorpion (D:4)
  A bombardier beetle (D:4)
  2 hounds (D:4)
  A gnoll bouda (D:4)
  An orc priest (D:4)
  3 orc wizards (D:4)
  12 gnolls
  5 adders
  A dart slug (D:4)
  A ribbon worm (D:4)
  6 orcs (D:4)
  3 bats (D:1)
  7 endoplasms
  A giant cockroach (D:1)
  4 goblins
  11 hobgoblins
  4 jackals (D:1)
  3 quokkas
  9 ball pythons
  3 frilled lizards
  6 kobolds
  4 rats
93 creatures vanquished.

Notes
Turn   | Place    | Note
-------+----------+-------------------------------------------
     0 | D:1      | Persephone the Vine Stalker Fighter began the quest for the
                  | Orb.
     0 | D:1      | Reached XP level 1. HP: 11/11 MP: 2/2
    89 | D:1      | Reached XP level 2. HP: 8/16 MP: 1/3
   409 | D:1      | Reached XP level 3. HP: 16/19 MP: 2/4
  1094 | D:2      | You fall into a shaft and drop 1 floor!
  1361 | D:3      | Reached skill level 3 in Unarmed Combat
  1361 | D:3      | Reached XP level 4. HP: 24/24 MP: 5/5
  1883 | D:3      | Reached XP level 5. HP: 28/28 MP: 6/6
  2394 | D:4      | Noticed an ice beast
  2400 | D:4      | Killed an ice beast
  2401 | D:4      | Reached skill level 4 in Unarmed Combat
  2401 | D:4      | Reached XP level 6. HP: 24/32 MP: 7/7
  2790 | D:4      | Reached XP level 7. HP: 37/37 MP: 6/8
  2835 | D:4      | Noticed Pikel
  2878 | D:4      | Killed Pikel
  2879 | D:4      | Reached skill level 5 in Unarmed Combat
  2879 | D:4      | Gained mutation: You have razor-sharp teeth. [Vine Stalker
                  | growth]
  2879 | D:4      | Reached XP level 8. HP: 35/42 MP: 6/9
  2951 | D:4      | Reached skill level 6 in Unarmed Combat
  3250 | D:4      | Noticed an orange demon
  3250 | D:4      | Slain by an orange demon

Illustrated notes

Levels and vault maps discovered:
D:1:      amcnicky_arrival_underground_garden, layout_basic
D:2:      layout_rooms
D:3:      layout_basic, grunt_decor_one_mirror
D:4:      layout_gridville, chequers_serial_rivers_micro_a,
          pf_guarded_unrand_woodcutter, uniq_pikel

Skill      XL: |  1  2  3  4  5  6  7  8 |
---------------+-------------------------+-----
Fighting       | 3 4 |  4.7
Shields        | 3 4 |  4.7
Unarmed Combat | 3 4 5 6 |  6.3
Armour         | 3 4 |  4.3

Action                     |  1- 3 |  4- 6 |  7- 9 || total
---------------------------+-------+-------+-------++-------
  Melee: Unarmed           |   117 |   134 |   101 ||   352
         Bite              |    27 |    35 |    33 ||    95
    Use: Potion            |       |     1 |       ||     1
         Scroll            |       |       |     1 ||     1
 Armour: Scale mail        |    14 |       |       ||    14
         Ring mail         |    58 |    88 |    62 ||   208
  Dodge: Dodged            |    54 |    50 |    31 ||   135
  Block: Buckler           |    31 |    28 |    18 ||    77

Table legend: (Time is in decaauts)
 A = Elapsed time spent in this place.
 B = Non-inter-level travel time spent in this place.
 C = Inter-level travel time spent in this place.
 D = Time resting spent in this place.
 E = Time spent auto-exploring this place.
 F = Levels seen in this place.
 G = Mean time per level.
                   A        B        C        D        E       F      G
               +--------+--------+--------+--------+--------+-----+--------+
         Total |   3236 |   3152 |     84 |      0 |   2476 |   4 |  809.0 |
       Dungeon |   3236 |   3152 |     84 |      0 |   2476 |   4 |  809.0 |
               +--------+--------+--------+--------+--------+-----+--------+

Top non-repeatable levels by time:
     D:1: 985 daAuts
     D:4: 873 daAuts
     D:3: 872 daAuts
     D:2: 505 daAuts
